 Dungeon Crawl Stone Soup version 0.30.1 (webtiles) character file.

Game seed: 300774178617973312

364 AgateBread the Digger (level 6, -2/38 HPs)
             Began as a Gargoyle Earth Elementalist on July 7, 2023.
             Was a Follower of Sif Muna.
             Slain by a gnoll
             ... wielding a +0 spear
             ... led by a gnoll bouda
              (4 damage)
             ... on level 4 of the Dungeon.
             The game lasted 00:12:07 (3717 turns).

AgateBread the Digger (Gargoyle Earth Elementalist) Turns: 3717, Time: 00:12:07

Health: -2/38      AC: 10    Str: 11    XL:     6   Next: 67%
Magic:  5/11       EV: 10    Int: 18    God:    Sif Muna [*.....]
Gold:   242        SH:  0    Dex: 10    Spells: 8/12 levels left

rFire   . . .        p - +0 scimitar
rCold   . . .        (no shield)
rNeg    + . .        u - +0 ring mail
rPois   ∞            (no helmet)
rElec   +            v - +0 cloak
rCorr   .            (no gloves)
SInv    .            (no boots)
Will    .....        (no amulet)
Stlth   +            (no ring)
HPRegen 0.26/turn    (no ring)
MPRegen 0.12/turn

%: no passive effects
@: no status effects
A: sickness immunity, AC +4, negative energy resistance 1, electricity
resistance, torment resistance 1, petrification resistance
a: Renounce Religion, Channel Magic


You were on level 4 of the Dungeon.
You worshipped Sif Muna.
Sif Muna was aware of your devotion.
You visited 1 branch of the dungeon, and saw 4 of its levels.

You collected 242 gold pieces.

Inventory:

Hand Weapons
 g - a +0 mace
 j - a +0 short sword
 p - a +0 scimitar (weapon)
 A - a +0 falchion
 E - a +0 long sword
 I - a +1 vampiric dagger
Armour
 a - a +0 robe
 u - a +0 ring mail (worn)
 v - a +0 cloak (worn)
 y - a +0 scale mail
Magical Staves
 m - a staff of conjuration
Jewellery
 f - a ring of fire
 k - an amulet of guardian spirit
 D - a ring of see invisible
Wands
 C - a wand of paralysis (6)
 G - a wand of flame (16)
Scrolls
 c - 2 scrolls of amnesia
 d - a scroll of enchant weapon {unknown}
 h - 2 scrolls of immolation {unknown}
 i - a scroll of acquirement {unknown}
 l - a scroll of magic mapping {unknown}
 n - a scroll of vulnerability {unknown}
 x - 2 scrolls of noise {unknown}
 z - a scroll of teleportation {unknown}
 B - a scroll of enchant armour {unknown}
 F - a scroll of summoning {unknown}
 H - a scroll of identify
Potions
 b - a potion of magic
 e - a potion of lignification {unknown}
 o - a potion of attraction {unknown}
 q - 3 potions of curing
 r - 2 potions of haste {unknown}
 s - a potion of invisibility {unknown}
 t - a potion of heal wounds {unknown}
 w - a potion of brilliance {unknown}
 J - a potion of ambrosia {unknown}


   Skills:
 + Level 3.9 Fighting
 - Level 1.5 Dodging
 - Level 2.1 Stealth
 + Level 3.9 Spellcasting
 - Level 0.7 Transmutations
 + Level 5.8 Earth Magic


You had 8 spell levels left.
You knew the following spells:

 Your Spells              Type           Power      Damage    Failure   Level
a - Sandblast             Erth           48%        2d12      3%          1
b - Stone Arrow           Conj/Erth      28%        3d8       32%         3

Your spell library contained the following spells:

 Spells                   Type           Power      Damage    Failure   Level
 Passwall                 Tmut/Erth      12%        N/A       14%         2
 Slow                     Hex            12%        N/A       36%         1
 Petrify                  Tmut/Erth      15%        N/A       67%         4
 Confusing Touch          Hex            3%         N/A       73%         3
 Vampiric Draining        Necr           3%         2d6       73%         3
 Dispel Undead            Necr           3%         3d7       98%         4
 Death Channel            Necr           1%         N/A       100%        6
 Malign Gateway           Summ/Tloc      1%         N/A       100%        7
 Summon Horrible Things   Summ           1%         N/A       100%        8
 Cigotuvi's Dreadful Rot  Necr/Pois/Air  Unusable   N/A       N/A         2

Dungeon Overview and Level Annotations

Branches:
Dungeon (4/15)
 Temple: D:4-7

Altars:
Ashenzari
Nemelex Xobeh
Sif Muna


Innate Abilities, Weirdness & Mutations

You are immune to sickness and miasma.
Your stone body is resilient. (AC +4)
You are immune to poison.
You resist negative energy. (rN+)
You are resistant to electric shocks. (rElec)
You are resistant to unholy torment.
You are immune to petrification.


Message History

The gnoll is heavily wounded.
The gnoll bouda gazes fiercely through you!
You feel your attacks grow feeble.
The gnoll bouda hits you with a +0 club.
The gnoll hits you from afar with a +0 spear.
Aiming: Sandblast (safe; 3% risk of failure)
Press: ? - help, Q - select action, (/) - cycle Shift-Dir - straight line, f/p - gnoll
Aim: a gnoll, wielding a +0 flail of protection (heavily wounded, paralysed, 100% to hit)
The blast of sand hits the gnoll.
You kill the gnoll!
Sif Muna accepts your kill.
The gnoll bouda hits you with a +0 club.
The gnoll closely misses you. The gnoll bouda misses you.
The gnoll hits you from afar with a +0 spear.
Aiming: Sandblast (safe; 3% risk of failure)
Press: ? - help, Q - select action, (/) - cycle Shift-Dir - straight line, f - gnoll bouda
Aim: a gnoll bouda, wielding a +0 club and wearing a +0 leather armour (85% to hit)
The blast of sand hits the gnoll bouda.
The gnoll bouda is moderately wounded.
Your attacks no longer feel as feeble.
The gnoll bouda hits you with a +0 club.
The gnoll hits you but does no damage.
Aiming: Sandblast (safe; 3% risk of failure)
Press: ? - help, Q - select action, (/) - cycle Shift-Dir - straight line, f/p - gnoll bouda
Aim: a gnoll bouda, wielding a +0 club and wearing a +0 leather armour (moderately wounded, 85% to hit)
The blast of sand hits the gnoll bouda!
The gnoll bouda is almost dead.
The gnoll bouda hits you with a +0 club!
* * * LOW HITPOINT WARNING * * *
The gnoll hits you from afar with a +0 spear.
* * * LOW HITPOINT WARNING * * *
The gnoll bouda closely misses you. The gnoll barely misses you.
Aiming: Sandblast (safe; 3% risk of failure)
Press: ? - help, Q - select action, (/) - cycle Shift-Dir - straight line, f/p - gnoll bouda
Aim: a gnoll bouda, wielding a +0 club and wearing a +0 leather armour (almost dead, 85% to hit)
The blast of sand hits the gnoll bouda!
You kill the gnoll bouda!
Sif Muna accepts your kill.
The gnoll hits you from afar with a +0 spear.
You die...

#####.........................#
#....................)....#
#....^....................#
#.........................#
#####.........................#
#......#+#######....########+##
.......# #...#....# .......#
#...#†...# #......# #...#@...#
#......# #...#))..+ .......#
#.g.g....# ......>## #..##....#
#)......# #. .......# #.......#
.. #.......# ........#..
#.......# ........#. +.......#
#.......# #.......#


You could see a gnoll (swift).

Vanquished Creatures
  A scorpion (D:4)
  A hound (D:4)
  Crazy Yiuf (D:3)
  An orc priest (D:3)
  A gnoll bouda (D:4)
  Terence (D:3)
  An iguana (D:4)
  3 gnolls
  6 adders
  4 dart slugs
  3 orcs (D:3)
  6 endoplasms
  6 goblins
  7 hobgoblins
  5 jackals
  4 quokkas
  4 ball pythons
  10 bats
  6 frilled lizards
  5 kobolds
  5 rats
81 creatures vanquished.

Notes
Turn   | Place    | Note
-------+----------+-------------------------------------------
     0 | D:1      | AgateBread the Gargoyle Earth Elementalist began the quest
                  | for the Orb.
     0 | D:1      | Reached XP level 1. HP: 10/10 MP: 3/3
   252 | D:1      | Reached XP level 2. HP: 16/16 MP: 3/5
   255 | D:1      | Reached skill level 1 in Fighting
   664 | D:1      | Reached skill level 4 in Earth Magic
   926 | D:1      | Reached XP level 3. HP: 19/20 MP: 4/6
  1408 | D:2      | Found a shimmering blue altar of Sif Muna.
  1421 | D:2      | Became a worshipper of Sif Muna the Loreminder
  1651 | D:2      | Reached XP level 4. HP: 22/26 MP: 5/8
  1929 | D:2      | Learned a level 3 spell: Stone Arrow
  2011 | D:2      | Found a faded altar of an unknown god.
  2246 | D:3      | Noticed Terence
  2256 | D:3      | Killed Terence
  2257 | D:3      | Reached XP level 5. HP: 15/31 MP: 0/9
  2547 | D:3      | Reached skill level 5 in Earth Magic
  2550 | D:3      | Reached * piety under Sif Muna
  2941 | D:3      | Found a sparkling altar of Nemelex Xobeh.
  2948 | D:3      | Paralysed by a hobgoblin for 4 turns
  3114 | D:3      | Found a runed translucent door.
  3115 | D:3      | Noticed Crazy Yiuf
  3138 | D:3      | Killed Crazy Yiuf
  3302 | D:4      | Reached XP level 6. HP: 36/37 MP: 6/11
  3422 | D:4      | Found a broken altar of Ashenzari.
  3716 | D:4      | HP: 1/38 [gnoll/+0 spear[a gnoll bouda] (5)]
  3717 | D:4      | Slain by a gnoll

Illustrated notes

Levels and vault maps discovered:
D:1:      dpeg_arrival_boxorama, layout_basic, minmay_tree_intersection,
          minmay_tripent
D:2:      layout_loops_ring, basic_altar, hellmonk_ecumenical_altar_heavens_door
D:3:      cheibrodos_old_hovel, layout_rooms, nemelex_altar_shiori,
          uniq_crazy_yiuf_cottage, uniq_terence
D:4:      layout_gridville, mainiacjoe_overflow_concentric_impassable,
          mainiacjoe_overflow_24_doors

Skill      XL: |  1  2  3  4  5 |
---------------+----------------+-----
Fighting       | 1 2 3 |  3.9
Earth Magic    | 4 5 |  5.8
Spellcasting   | 3 |  3.9
Dodging        | |  1.5
Stealth        | |  2.1
Transmutations | |  0.7

Action                     |  1- 3 |  4- 6 || total
---------------------------+-------+-------++-------
  Melee: Short sword       |     4 |    94 ||    98
         Scimitar          |       |    10 ||    10
   Cast: Sandblast         |    44 |    59 ||   103
  Evoke: Wand              |       |     4 ||     4
    Use: Scroll            |       |     2 ||     2
   Stab: Paralysed         |       |     5 ||     5
         Sleeping          |       |     1 ||     1
 Armour: Robe              |     2 |    49 ||    51
         Ring mail         |       |    13 ||    13
  Dodge: Dodged            |    10 |    75 ||    85
